 Dungeon Crawl Stone Soup version 0.31-a0-7-g51783674b7 (webtiles) character file.

Game seed: 14112187756795735922

2 mdonais the Sneak (level 1, -10/16 HPs)
             Began as an Octopode Delver on May 5, 2023.
             Mangled by a sleepcap (19 damage)
             ... on level 6 of the Dungeon.
             The game lasted 00:02:35 (223 turns).

mdonais the Sneak (Octopode Delver)                  Turns: 223, Time: 00:02:36

Health: -10/16     AC:  1    Str: 11    XL:     1   Next: 30%
Magic:  1/1        EV:  2    Int: 12    God:
Gold:   0          SH:  0    Dex: 13    Spells: 0/0 levels left

rFire   . . .        a - +0 short sword
rCold   . . .        (no shield)
rNeg    . . .        (helmet restricted)
rPois   .            (no amulet)
rElec   .            (no ring)
rCorr   .            (no ring)
SInv    .            (no ring)
Will    .....        (no ring)
Stlth   ++++         (no ring)
HPRegen 0.22/turn    (no ring)
MPRegen 0.07/turn    (no ring)
                     (no ring)

%: no passive effects
@: sleeping
A: almost no armour, amphibious, 8 rings, camouflage 1, gelatinous body 1,
(nimble swimmer 1), tentacles
a: no special abilities


You were on level 6 of the Dungeon.
You visited 1 branch of the dungeon, and saw 2 of its levels.

Inventory:

Hand Weapons
 a - a +0 short sword (weapon)
Wands
 D - a wand of digging (3)
Scrolls
 b - a scroll of fog
 d - a scroll of fear
 e - a scroll of identify {unknown}
Potions
 c - a potion of heal wounds {unknown}
 H - a potion of haste


   Skills:
 + Level 3.0 Fighting
 + Level 2.1 Short Blades
 - Level 2.0 Dodging
 - Level 6.6 Stealth


You couldn't memorise any spells.
You didn't know any spells.
Your spell library was empty.

Dungeon Overview and Level Annotations

Branches:
Dungeon (6/15) Zot: 11777
 Temple: D:4-7

Altars:
Qazlal

Annotations:
D:5 exclusion: scorpion


Innate Abilities, Weirdness & Mutations

You cannot wear most types of armour.
You are amphibious.
You can wear up to eight rings at the same time.
Your skin changes colour to match your surroundings (Stealth+).
Your rubbery body absorbs attacks. (AC +1, EV +1)
((You are camouflaged when in or above water. (Stealth+)))
You have tentacles for arms and can constrict up to eight enemies at once.


Message History

Welcome, mdonais the Octopode Delver.
Will you be the one to retrieve the glorious Orb of Zot from the depths?
Press ? for a list of commands and other information.
Found an escape hatch in the floor.
Found a stone staircase leading down.
A scorpion comes into view.
Found a stormy altar of Qazlal.
Unknown command.
An iguana comes into view.
A hound comes into view.
Found a puce potion.
There is a stormy altar of Qazlal here.
An ice beast comes into view.
There is a stone staircase leading down here.
You climb downwards.
Found a scroll labelled AQONOWUOGO.
Found a stone staircase leading down.
There is a stone staircase leading up here.
The orc shouts!
An orc comes into view. It is wielding a +0 whip.
An orc comes into view. It is wielding a +0 dagger.
A sleepcap comes into view.
Found a murky coppery potion.
Found a scroll labelled SEYBBI ZAHU.
You see here a murky coppery potion.
c - a murky coppery potion You hit the orc but do no damage.
Your grab misses the orc. You closely miss the orc. You grab the orc.
You constrict the orc, but do no damage.
The orc closely misses you.
You hit the orc.
The orc is heavily wounded.
You constrict the orc. The orc misses you.
You hit the orc but do no damage. You squeeze the orc, but do no damage.
The orc is severely wounded.
You constrict the orc. The orc hits you with a +0 flail.
You take 4 damage, and have 12/16 hp.
MASSIVE DAMAGE!!
You hit the orc.
You kill the orc!
You start resting.
HP restored.
Health restored: 16
e - a scroll labelled SEYBBI ZAHU A jelly comes into view.
As you read the scroll of magic mapping, it crumbles to dust.
You feel aware of your surroundings.
The helpless sleepcap fails to defend itself.
You puncture the sleepcap! You grab the sleepcap.
You squeeze the sleepcap, but do no damage.
The sleepcap is moderately damaged.
You constrict the sleepcap, but do no damage.
The sleepcap releases spores at you.
You take 6 damage, and have 10/16 hp.
MASSIVE DAMAGE!!
You hit the sleepcap.
You squeeze the sleepcap, but do no damage.
The sleepcap is heavily damaged.
You constrict the sleepcap, but do no damage.
The sleepcap barely misses you.
You hit the sleepcap but do no damage.
The sleepcap is moderately damaged.
You constrict the sleepcap. The sleepcap releases spores at you.
You are engulfed in a cloud of soporific spores!
You fall asleep.
You lose your grip on the sleepcap.
The sleepcap releases spores at you!!
Ouch! That really hurt!
You die...

##### *,****,,,,,,,**
##########...### *,,,,,,,,,,,,,,
...............# ******,,,,,,,,*
...#####.#...#.## *,,,,,,,,,
...####.........######**,*,,,,,,,
......................**,*,*,,*,*
...####.........#.###,**,,,,,,,,,
...#####........#f##*,****,,,,,,*
........)#......@..#*,* **,,,***
.#########...##.#..#*,* *,,,* .#
########.##.#..#*,* *,,,*
.####...>....##......,* *,,,*
........<....##.#..##.*****,,,***
..###........##.#..#,,..,,,,,,,,,
..#*#........##.#...,,,.,,,,,,,,,
..J,#.....?.###.*.##,,,,,,,,,,,,,
#.#,#.......# *,*,***,****,,,,,**


You could see a sleepcap.

Vanquished Creatures
  An orc (D:6)
1 creature vanquished.

Notes
Turn   | Place    | Note
-------+----------+-------------------------------------------
     0 | D:5      | mdonais the Octopode Delver began the quest for the Orb.
     0 | D:5      | Reached XP level 1. HP: 16/16 MP: 1/1
     7 | D:5      | Noticed a scorpion
    37 | D:5      | Noticed an air elemental
    39 | D:5      | Found a stormy altar of Qazlal.
    40 | D:5      | Noticed a fire elemental
    40 | D:5      | Noticed a water elemental
    40 | D:5      | Noticed an earth elemental
    73 | D:5      | Noticed an iguana
   116 | D:5      | Noticed a hound
   150 | D:5      | Noticed an ice beast
   165 | D:6      | Noticed a sleepcap
   197 | D:6      | Noticed a jelly
   223 | D:6      | Mangled by a sleepcap

Illustrated notes

Levels and vault maps discovered:
D:5:      layout_loops_cross, nicolae_qazlal_style_of_elements
D:6:      layout_loops_cross, gammafunk_ghost_necromancy

Action                     || total
---------------------------++-------
  Melee: Short sword       ||     8
         Tentacles         ||     3
         Constrict         ||     2
    Use: Scroll            ||     1
   Stab: Sleeping          ||     1
  Dodge: Dodged            ||     3

Table legend: (Time is in decaauts)
 A = Elapsed time spent in this place.
 B = Non-inter-level travel time spent in this place.
 C = Inter-level travel time spent in this place.
 D = Time resting spent in this place.
 E = Time spent auto-exploring this place.
 F = Levels seen in this place.
 G = Mean time per level.
                   A        B        C        D        E       F      G
               +--------+--------+--------+--------+--------+-----+--------+
         Total |    222 |    222 |      0 |     13 |      0 |   2 |  111.0 |
       Dungeon |    222 |    222 |      0 |     13 |      0 |   2 |  111.0 |
               +--------+--------+--------+--------+--------+-----+--------+

Top non-repeatable levels by time:
     D:5: 157 daAuts
     D:6: 65 daAuts
